 Dungeon Crawl Stone Soup version 0.31-a0-177-g4aa6249778 (webtiles) character file.

Game seed: 12698968668146613170

102 gelatine the Trooper (level 4, -4/37 HPs)
             Began as a Demonspawn Fighter on June 18, 2023.
             Killed by divine providence
             ... invoked by an orc priest
              (11 damage)
             ... on level 3 of the Dungeon.
             The game lasted 00:05:19 (2153 turns).

gelatine the Trooper (Demonspawn Fighter)           Turns: 2153, Time: 00:05:19

Health: -4/37      AC:  6    Str: 24    XL:     4   Next: 49%
Magic:  4/4        EV: 24    Int: 10    God:
Gold:   175        SH:  4    Dex: 12    Spells: 3/3 levels left

rFire   . . .        a - +0 war axe
rCold   . . .        c - +0 buckler
rNeg    . . .        b - +0 scale mail
rPois   +            (no helmet)
rElec   .            A - scarf {+Inv}
rCorr   .            (no gloves)
SInv    .            (no boots)
Will    .....        r - amulet of the acrobat Stlth
                     l - ring of poison resistance
HPRegen 0.26/turn    n - +6 ring of strength
MPRegen 0.09/turn

%: acrobat
@: acrobatic
A: spiny 1
a: Evoke Invisibility


You were on level 3 of the Dungeon.
You visited 1 branch of the dungeon, and saw 3 of its levels.

You collected 175 gold pieces.

Inventory:

Hand Weapons
 a - a +0 war axe (weapon)
Missiles
 k - 4 silver boomerangs
Armour
 b - a +0 scale mail (worn)
 c - a +0 buckler (worn)
 o - a +0 ring mail
 A - a scarf of invisibility (worn)
Jewellery
 l - a ring of poison resistance (left hand)
 n - a +6 ring of strength (right hand)
 r - an amulet of the acrobat (around neck)
 s - a ring of see invisible
 y - a ring of positive energy
Scrolls
 e - 3 scrolls of identify {unknown}
 f - a scroll of poison {unknown}
 h - a scroll of immolation {unknown}
 i - 2 scrolls of silence {unknown}
 j - 2 scrolls of noise {unknown}
 m - a scroll of enchant armour {unknown}
 p - a scroll of vulnerability {unknown}
 q - a scroll of amnesia {unknown}
 v - a scroll of torment {unknown}
 w - a scroll of teleportation {unknown}
 x - a scroll of fear {unknown}
Potions
 d - 3 potions of might
 g - a potion of attraction {unknown}
 t - 2 potions of curing {unknown}
 z - a potion of cancellation {unknown}
 B - a potion of lignification {unknown}


   Skills:
 * Level 3.7 Fighting
 * Level 2.6 Axes
 * Level 0.4 Throwing
 * Level 3.3 Armour
 * Level 3.2 Shields


You had 3 spell levels left.
You didn't know any spells.
Your spell library contained the following spells:

 Spells                   Type           Power      Damage    Failure   Level
 Call Canine Familiar     Summ           0%         N/A       97%         3
 Portal Projectile        Hex/Tloc       0%         N/A       97%         3
 Leda's Liquefaction      Hex/Erth       0%         N/A       100%        4
 Fireball                 Conj/Fire      0%         3d3       100%        5
 Iskenderun's Battlesphe  Conj           0%         2d6       100%        5
 Conjure Ball Lightning   Conj/Air       0%         3x3d6     100%        6
 Orb of Destruction       Conj           0%         9d5       100%        7


Dungeon Overview and Level Annotations

Branches:
Dungeon (3/15)

Altars:

Shops:
D:1 =


Innate Abilities, Weirdness & Mutations

You are partially covered in sharp spines.


Message History

An orc priest comes into view. It is wielding a +0 trident.
You throw a boomerang. The boomerang hits the orc.
The orc is heavily wounded.
You hear a shout!
An orc comes into view.
It is wielding a +2 flail of protection.
You throw a boomerang.
The boomerang hits the orc and shatters for extra damage!
You kill the orc!
The orc priest mumbles some strange prayers to Beogh against you.
Beogh smites you!
You hear a shout! x2
Nothing quivered!
Nothing quivered!
Unknown command.
Nothing quivered!
An orc comes into view. It is wielding a +0 war axe.
The orc shouts!
An orc wizard comes into view. It is wielding a +0 dagger.
The orc wizard casts a spell.
The orc wizard flickers and vanishes!
Deactivating autopickup; reactivate with Ctrl-A.
You block the orc priest's attack. You block the orc's attack.
The orc priest closely misses you.
You barely miss the orc priest. You closely miss the orc.
The orc priest calls down the wrath of Beogh upon you.
Beogh smites you!
The orc hits you with a +2 flail of protection.
* * * LOW HITPOINT WARNING * * *
You closely miss the orc priest. You barely miss the orc.
You completely miss the orc.
The orc priest is struck by your spines.
The orc priest hits you but does no damage.
The orc is struck by your spines. The orc hits you with a +0 war axe.
* * * LOW HITPOINT WARNING * * *
You block the orc's attack.
The orc priest hits you but does no damage.
The orc closely misses you.
The orc priest mumbles some strange prayers to Beogh against you.
Beogh smites you!
You die...

# #. # #.### ########.#.
###.... #...o...... .......
#...o).....
.......###..........
..........@o........
........##..........
####.....#########.#.
.........# #
............#########
.......>.............
.......#....#########
.......#...........
.......#...####################


You could see an orc priest and 2 orcs.

Vanquished Creatures
  A gnoll (D:3)
  An adder (D:3)
  3 dart slugs
  6 orcs (D:3)
  3 ball pythons
  4 bats
  8 endoplasms
  3 giant cockroaches
  3 goblins
  6 hobgoblins
  A jackal (D:3)
  7 kobolds
  5 quokkas
  6 frilled lizards
  10 rats
67 creatures vanquished.

Notes
Turn   | Place    | Note
-------+----------+-------------------------------------------
     0 | D:1      | gelatine the Demonspawn Fighter began the quest for the
                  | Orb.
     0 | D:1      | Reached XP level 1. HP: 18/18 MP: 1/1
    84 | D:1      | Found Qaetzum's Jewellery Shoppe.
   146 | D:1      | Gained mutation: You are partially covered in sharp spines.
                  | [demonic ancestry]
   146 | D:1      | Reached XP level 2. HP: 22/24 MP: 2/2
   909 | D:2      | Reached XP level 3. HP: 29/29 MP: 3/3
  1637 | D:3      | Reached XP level 4. HP: 31/35 MP: 4/4
  1973 | D:3      | Found a faded altar of an unknown god.
  2153 | D:3      | Killed from afar by an orc priest

Illustrated notes

Levels and vault maps discovered:
D:1:      dpeg_arrival_arbitrary_a, layout_loops_ring, serial_shops,
          nicolae_diamond_shop, minmay_octomino_e4
D:2:      layout_loops_ring
D:3:      minmay_recursive_quarters, layout_basic,
          shapermc_ecumenical_altar_mp_ritualfount,
          nicolae_concentric_dashed_squares_wild

Skill      XL: |  1  2  3 |
---------------+----------+-----
Axes           | 2 |  2.6
Shields        | 3 |  3.2
Armour         | 3 |  3.3
Fighting       | |  3.7
Throwing       | |  0.4

Action                     |  1- 3 |  4- 6 || total
---------------------------+-------+-------++-------
  Melee: War axe           |    71 |    11 ||    82
  Throw: Boomerang         |    24 |    19 ||    43
 Armour: Scale mail        |    21 |     4 ||    25
  Dodge: Dodged            |    23 |    11 ||    34
  Block: Buckler           |    15 |     7 ||    22

Table legend: (Time is in decaauts)
 A = Elapsed time spent in this place.
 B = Non-inter-level travel time spent in this place.
 C = Inter-level travel time spent in this place.
 D = Time resting spent in this place.
 E = Time spent auto-exploring this place.
 F = Levels seen in this place.
 G = Mean time per level.
                   A        B        C        D        E       F      G
               +--------+--------+--------+--------+--------+-----+--------+
         Total |   2200 |   2124 |     76 |      0 |   1610 |   3 |  733.3 |
       Dungeon |   2200 |   2124 |     76 |      0 |   1610 |   3 |  733.3 |
               +--------+--------+--------+--------+--------+-----+--------+

Top non-repeatable levels by time:
     D:1: 902 daAuts
     D:3: 714 daAuts
     D:2: 583 daAuts
